 Dungeon Crawl Stone Soup version 0.31-a0-1005-gfbdfbacc72 (webtiles) character file.

Game seed: 10366130740583513653

8758 CrazyBamboolord the Protected (level 11, -17/103 HPs)
             Began as an Armataur Fighter on Nov 11, 2023.
             Demolished by Urug
             ... wielding a +3 glaive of venom
              (21 damage)
             ... on level 10 of the Dungeon.
             The game lasted 00:21:48 (10696 turns).

CrazyBamboolord the Protected (Armataur Fighter)   Turns: 10696, Time: 00:21:49

Health: -17/103    AC: 14    Str: 31      XL:     11   Next: 14%
Magic:  11/11      EV: 12    Int:  7 (9)  God:
Gold:   527        SH: 10    Dex: 10      Spells: 10/10 levels left

rFire   . . .        k - +2 flail (drain)
rCold   . . .        c - +0 buckler
rNeg    . . .        s - +2 chain mail {Will+}
rPois   .            r - +1 hat {SInv}
rElec   .            (no cloak)
rCorr   .            (no gloves)
SInv    +            (no barding)
Will    +....        x - amulet of reflection Stlth
                     f - +6 ring of strength
HPRegen 0.37/turn    B - +5 ring of evasion
MPRegen 0.12/turn

%: reflection, roll
@: lethally poisoned (-17 -> -36)
A: large, rugged brown scales 3, deformed body, armoured tail, roll, long
tongue, awkward tongue
a: no special abilities


You were on level 10 of the Dungeon.
You visited 2 branches of the dungeon, and saw 11 of its levels.
You also visited: Sewer and Bailey.

You collected 527 gold pieces.

Inventory:

Hand Weapons
 k - a +2 flail of draining (weapon)
 J - a +2 flail
Armour
 c - a +0 buckler (worn)
 r - a +1 hat of see invisible (worn)
 s - a +2 chain mail of willpower (worn)
 y - the +0 chain mail of Marbles {rC++ rN+ Will+ Int-5}
   (You took it off an orc on level 9 of the Dungeon)

   Int-5:     It affects your intelligence (-5).
   rC++:      It greatly protects you from cold.
   rN+:       It protects you from negative energy.
   Will+:     It increases your willpower.
Jewellery
 f - a +6 ring of strength (left hand)
 u - a ring of protection from fire
 x - an amulet of reflection (around neck)
 B - a +5 ring of evasion (right hand)
Wands
 h - a wand of flame (22)
 m - a wand of paralysis (13)
 p - a wand of iceblast (6)
 E - a wand of digging (7)
Scrolls
 a - a scroll of teleportation
 b - 2 scrolls of poison
 g - a scroll of silence {unknown}
 l - 3 scrolls of amnesia
 o - 3 scrolls of immolation
 q - a scroll of brand weapon
 t - 5 scrolls of blinking
 w - 4 scrolls of enchant weapon
 z - a scroll of torment {unknown}
 C - a scroll of summoning
 D - a scroll of vulnerability {unknown}
 F - 2 scrolls of fog {unknown}
 H - 2 scrolls of revelation
Potions
 e - 4 potions of mutation
 n - 8 potions of enlightenment
 A - 3 potions of attraction


   Skills:
 * Level 9.1 Fighting
 * Level 8.7 Maces & Flails
 * Level 11.5 Armour
 + Level 8.1 Shields


You had 10 spell levels left.
You didn't know any spells.
Your spell library contained the following spells:

 Spells                   Type           Power      Damage    Failure   Level
 Magic Dart               Conj           0%         1d3       85%         1
 Cigotuvi's Dreadful Rot  Necr/Pois/Air  0%         N/A       94%         2
 Searing Ray              Conj           0%         2d4       94%         2
 Ignite Poison            Fire/Tmut/Pois 0%         N/A       99%         3
 Ozocubu's Armour         Ice            0%         N/A       99%         3
 Brom's Barrelling Bould  Conj/Erth      0%         2d3       100%        4
 Fulminant Prism          Conj/Hex       0%         3d5       100%        4
 Fireball                 Conj/Fire      0%         3d3       100%        5
 Freezing Cloud           Conj/Ice/Air   0%         6-21      100%        5
 Iskenderun's Battlesphe  Conj           0%         2d6       100%        5
 Metabolic Englaciation   Hex/Ice        0%         N/A       100%        5
 Conjure Ball Lightning   Conj/Air       0%         3x3d6     100%        6
 Simulacrum               Ice/Necr       0%         N/A       100%        6
 Orb of Destruction       Conj           0%         9d5       100%        7


Dungeon Overview and Level Annotations

Branches:
Dungeon (10/15)            Temple (1/1) D:5            Lair (0/5) D:8
  Sewer (visited)          Bailey (visited)
    Orc: D:9-12

Altars:
Ashenzari
Cheibriados
Dithmenos
Elyvilon
Fedhas
Gozag
Hepliaklqana
Kikubaaqudgha
Makhleb
Nemelex Xobeh
Okawaru
Qazlal
Ru
Sif Muna
Trog
Uskayaw
Vehumet
Wu Jian
Xom
Yredelemnul
Zin
Jiyva

Shops:
D:9 :

Annotations:
D:3 1 exclusion
D:4 2 transporters
D:8 2 transporters
D:9 3 runed translucent doors, dertzug's ghost, novice TrSh
D:10 Urug


Innate Abilities, Weirdness & Mutations

You are completely covered in rugged brown scales. (AC +3, +7% HP)
Armour fits poorly on your strangely shaped body.
You have a long armoured tail.
You roll when moving toward enemies. (Rampage)
Your long tongue fully drains potion bottles. (2x potion effects)
Your tongue gives you trouble enunciating. (1.5x scroll delay)


Message History

Unknown command.
You feel extremely sick.
There is an open door here.
You feel very sick.
It was a potion of magic.
Magic courses through your body.
You slurp down every last drop of the potion of magic!
You feel very sick.
Sorry, you're not good enough to have a special ability.
Okay, then.
You feel very sick.
You sock Urug! You tail-slap Urug!
Urug is moderately wounded.
You feel sick.
You closely miss Urug.
Urug is moderately wounded.
You feel very sick. Urug barely misses you.
Urug hits you with a +3 glaive of venom.
You hit Urug.
Urug is moderately wounded.
You feel sick. Urug barely misses you.
You hit Urug.
Your tail-slap misses Urug.
Urug is moderately wounded.
You feel sick.
Urug hits you with a +3 glaive of venom!!
* * * LOW HITPOINT WARNING * * *
You are lethally poisoned!
You barely miss Urug.
Urug is moderately wounded.
* * * LOW HITPOINT WARNING * * *
You feel extremely sick. You block Urug's attack.
Unknown command.
It was a potion of cancellation.
You feel magically purged.
You slurp down every last drop of the potion of cancellation!
* * * LOW HITPOINT WARNING * * *
You feel very sick.
Urug hits you with a +3 glaive of venom!!
You die...
Urug screams, "Revenge at last!"

#.##########.......# ##
#.......# #........
.###.......# #........
...........####'###+##.
......#######....##.#
#.....# #....'..#
#.....# #....####
#.....# #....# #
#.....# #...@# #.###
#.....# ###o####......
#.....# #Y.oY...#
#.....############Y..##
#..............#
#.#.....
###............#
#.#..#...
#............# #.. .#
#. #............# ###
.. #............# ##


You could see Urug and an ice beast.

Vanquished Creatures
  Amaemon (D:10)
  Joseph (D:9)
  An orange demon (D:10)
  A kobold demonologist (D:10)
  2 hornets
  Prince Ribbit (Bailey)
  Grinder (D:3)
  2 vampires
  6 humans (Bailey)
  A wyvern (D:9)
  4 yaks (D:10)
  An acid dragon (D:9)
  A water moccasin (D:9)
  2 black bears
  4 orc warriors
  An ice beast (D:8)
  An ogre (D:4)
  3 centaurs
  2 phantoms
  A kobold brigand (D:7)
  12 bullfrogs
  2 scorpions
  16 wights
  6 killer bees (D:7)
  2 howler monkeys
  5 orc priests
  9 hounds
  2 jellies
  5 iguanas
  3 sleepcaps
  Jessica (D:2)
  Terence (D:3)
  6 orc wizards
  A malarious merfolk avatar (Sewer)
  A sickly merfolk siren (Sewer)
  5 gnolls
  6 adders
  2 river rats (Sewer)
  A shadow imp (D:6)
  3 white imps
  4 ufetubi
  2 worms
  3 dart slugs
  29 orcs
  3 ball pythons
  5 endoplasms
  9 giant cockroaches
  15 goblins
  9 hobgoblins
  8 jackals
  6 quokkas
  4 bats
  2 frilled lizards (Sewer)
  6 kobolds
  23 rats
254 creatures vanquished.

Notes
Turn   | Place    | Note
-------+----------+-------------------------------------------
     0 | D:1      | CrazyBamboolord the Armataur Fighter began the quest for
                  | the Orb.
     0 | D:1      | Reached XP level 1. HP: 19/19 MP: 1/1
    61 | D:1      | Reached XP level 2. HP: 26/26 MP: 2/2
   401 | D:1      | Reached skill level 4 in Armour
   872 | D:2      | Reached XP level 3. HP: 33/33 MP: 3/3
  1108 | D:2      | Noticed Jessica
  1114 | D:2      | Killed Jessica
  1115 | D:2      | Reached XP level 4. HP: 38/40 MP: 4/4
  1503 | D:3      | Found a glowing drain.
  1519 | Sewer    | Entered a sewer
  1664 | Sewer    | Reached XP level 5. HP: 42/48 MP: 2/5
  1918 | D:3      | Noticed Terence
  1918 | D:3      | Noticed Grinder
  1933 | D:3      | Killed Grinder
  1934 | D:3      | Reached skill level 5 in Armour
  1934 | D:3      | Reached XP level 6. HP: 29/55 MP: 2/6
  1946 | D:3      | Killed Terence
  2500 | D:4      | Reached skill level 6 in Armour
  2500 | D:4      | Reached XP level 7. HP: 50/64 MP: 5/7
  2825 | D:4      | Reached skill level 5 in Fighting
  2879 | D:4      | Found a transporter.
  3113 | D:4      | Found a blossoming altar of Fedhas.
  3219 | D:4      | Found a transporter.
  3390 | D:5      | Entered Level 5 of the Dungeon
  3408 | D:5      | Reached skill level 5 in Shields
  3642 | D:5      | Found a staircase to the Ecumenical Temple.
  3672 | Temple   | Found a transporter.
  3672 | Temple   | Found a transporter.
  3672 | Temple   | Found a transporter.
  3672 | Temple   | Found a transporter.
  3672 | Temple   | Entered the Ecumenical Temple
  3764 | D:5      | Reached XP level 8. HP: 71/72 MP: 8/8
  3774 | D:5      | Reached skill level 7 in Armour
  3970 | D:5      | Reached skill level 5 in Maces & Flails
  4625 | D:6      | Reached skill level 8 in Armour
  4938 | D:6      | Found an iron altar of Okawaru.
  5329 | D:6      | Reached XP level 9. HP: 60/83 MP: 9/9
  5592 | D:7      | Found a flagged portal.
  5608 | Bailey   | Entered a bailey
  5646 | Bailey   | HP: 4/83 [human/+4 heavy hand axe (5)]
  5965 | Bailey   | Reached skill level 9 in Armour
  6360 | Bailey   | Noticed a vault guard
  6366 | Bailey   | Noticed Prince Ribbit
  6366 | Bailey   | Noticed a vault guard
  6510 | Bailey   | Killed Prince Ribbit
  6683 | Bailey   | Reached XP level 10. HP: 88/94 MP: 10/10
  7145 | D:7      | Reached skill level 10 in Armour
  7658 | D:8      | Found a staircase to the Lair.
  8003 | D:8      | Found a large runed translucent door.
  8003 | D:8      | Found a large runed translucent door.
  8138 | D:8      | Found a transporter.
  8146 | D:8      | Found a viscous altar of Jiyva.
  8147 | D:8      | Noticed a glowing orange brain
  8335 | D:8      | Found a shadowy altar of Dithmenos.
  8335 | D:8      | Found a stormy altar of Qazlal.
  8429 | D:8      | Found a transporter.
  8513 | D:8      | Found a shimmering altar of Xom.
  8524 | D:8      | Found a radiant altar of Vehumet.
  9005 | D:9      | Found Ohaer's Book Boutique.
  9483 | D:9      | Noticed Joseph
  9493 | D:9      | Killed Joseph
  9494 | D:9      | Reached skill level 11 in Armour
  9699 | D:9      | Identified the +0 chain mail of Marbles {rC++ rN+ Will+
                  | Int-5}
 10032 | D:9      | Found a runed translucent gate.
 10034 | D:9      | Found a runed translucent gate.
 10036 | D:9      | Found a runed translucent gate.
 10036 | D:9      | Noticed dertzug's ghost (novice TrSh)
 10040 | D:9      | Found a viscous altar of Jiyva.
 10068 | D:10     | Entered Level 10 of the Dungeon
 10075 | D:10     | Noticed Amaemon
 10075 | D:10     | Noticed an orange demon
 10091 | D:10     | Killed Amaemon
 10095 | D:10     | Killed an orange demon
 10102 | D:10     | HP: 3/96 [poisoned by Amaemon]
 10218 | D:10     | Reached XP level 11. HP: 34/101 MP: 11/11
 10523 | D:10     | Paralysed by a hornet for 1 turns
 10665 | D:10     | Noticed Urug
 10696 | D:10     | HP: 4/103 [poisoned by Urug]
 10696 | D:10     | Demolished by Urug

Illustrated notes

Levels and vault maps discovered:
D:1:      onia_arrival_pentagram, layout_basic
D:2:      layout_loops_cross, minmay_small_reverse_x, uniq_jessica
D:3:      layout_basic, gup_sewer_entry_pipe, minmay_surrounded, uniq_grinder,
          uniq_terence
D:4:      gammafunk_cloud_chamber, layout_loops_ring,
          mainiacjoe_overflow_24_doors
D:5:      layout_basic, minmay_temple_entry_junction_2, kennysheep_potato
D:6:      layout_loops_cross, kennysheep_mini
D:7:      layout_gridville, enter_bailey_4
D:8:      gammafunk_jiyva_shrine, layout_loops_ring,
          gammafunk_temple_overflow_pools, jmf_multi_god_temple2,
          kennysheep_doodads
D:9:      layout_cave_pods, serial_shops, nicolae_shop_tiny_glass,
          gammafunk_ghost_ooze, uniq_joseph
D:10:     layout_basic, nicolae_tso_swordbearing_angel, serial_ice,
          serial_ice_h, serial_ice_g, serial_ice_m, serial_ice_k, minivault_26,
          uniq_fannar, uniq_amaemon, uniq_urug
Temple:   hellmonk_temple_divided_pantheon

Skill      XL: |  1  2  3  4  5  6  7  8  9 10 11 |
---------------+----------------------------------+-----
Maces & Flails | 2 3 4 5 7 8 |  8.7
Fighting       | 3 4 5 6 7 8 9 |  9.1
Armour         | 4 5 6 8 9 11 | 11.5
Shields        | 4 5 6 7 8 |  8.1

Action                     |  1- 3 |  4- 6 |  7- 9 | 10-12 || total
---------------------------+-------+-------+-------+-------++-------
  Melee: Flail             |    69 |   151 |   515 |   304 ||  1039
         Tailslap          |     5 |    16 |    65 |    38 ||   124
    Use: Scroll            |       |     8 |     7 |     4 ||    19
         Potion            |       |       |     6 |     8 ||    14
 Armour: Scale mail        |    46 |    73 |       |       ||   119
         Chain mail        |       |    15 |   382 |   187 ||   584
  Dodge: Dodged            |    11 |    39 |   262 |   167 ||   479
  Block: Buckler           |    15 |    21 |   325 |   194 ||   555
         Reflection        |       |       |     3 |     3 ||     6

Table legend: (Time is in decaauts)
 A = Elapsed time spent in this place.
 B = Non-inter-level travel time spent in this place.
 C = Inter-level travel time spent in this place.
 D = Time resting spent in this place.
 E = Time spent auto-exploring this place.
 F = Levels seen in this place.
 G = Mean time per level.
                   A        B        C        D        E       F      G
               +--------+--------+--------+--------+--------+-----+--------+
         Total |  10868 |  10440 |    428 |   1501 |   6702 |  13 |  836.0 |
       Dungeon |   9250 |   8822 |    428 |    712 |   6478 |  10 |  925.0 |
        Temple |     27 |     27 |      0 |      0 |      0 |   1 |   27.0 |
         Sewer |    401 |    401 |      0 |      0 |    224 |   1 |  401.0 |
        Bailey |   1188 |   1188 |      0 |    789 |      0 |   1 | 1188.0 |
               +--------+--------+--------+--------+--------+-----+--------+

Top non-repeatable levels by time:
     D:9: 1400 daAuts
     D:5: 1352 daAuts
     D:8: 1214 daAuts
  Bailey: 1188 daAuts
     D:4: 931 daAuts
     D:6: 841 daAuts
     D:3: 789 daAuts
     D:7: 733 daAuts
     D:1: 722 daAuts
    D:10: 644 daAuts
     D:2: 619 daAuts
   Sewer: 401 daAuts
  Temple: 27 daAuts
